 Dungeon Crawl Stone Soup version 0.18.1-48-g4cf74bf (webtiles) character file.

102 kosy22 the Ducker (level 4, 0/44 HPs)
             Began as a Troll Fighter on Aug 16, 2016.
             Killed by nerve-wracking pain
             ... invoked by Grinder
              (9 damage)
             ... while paralysed by Grinder
             ... on level 3 of the Dungeon.
             The game lasted 00:12:18 (2111 turns).

kosy22 the Ducker (Troll Fighter)                   Turns: 2111, Time: 00:12:19

Health: 0/44       AC:  5    Str: 25    XL:     4   Next: 50%
Magic:  3/3        EV:  1    Int:  4    God:
Gold:   115        SH:  0    Dex:  9    Spells: 0 memorised, 3 levels left

rFire  . . .     SeeInvis .       - Unarmed
rCold  . . .     Gourm    +     a - +0 robe
rNeg   . . .     Faith    .     b - +0 shield
rPois  .         Spirit   .     (helmet restricted)
rElec  .         Dismiss  .     (no cloak)
rCorr  .         Reflect  +     (gloves unavailable)
SustAt .         Harm     .     (boots unavailable)
MR     .....                    n - +3 amulet of reflection
Stlth  +.........               (no ring)
                                (no ring)

@: paralysed, not resistant to hostile enchantments, very unstealthy
A: unfitting armour, claws 3, fast metabolism 3, gourmand, regeneration 2,
shaggy fur 1, tough skin 2
a: no special abilities


You were on level 3 of the Dungeon.
You were not hungry.

You visited 1 branch of the dungeon, and saw 3 of its levels.

You collected 115 gold pieces.

Inventory:

Armour
 a - a +0 robe (worn)
 b - a +0 shield (worn)
 w - a +2 animal skin
Jewellery
 n - a +3 amulet of reflection (around neck)
Wands
 u - a wand of flame (10/48)
Scrolls
 e - a scroll of noise {unknown}
 f - 3 scrolls of remove curse
 h - a scroll of enchant armour {unknown}
 k - a scroll of amnesia
 p - a scroll of random uselessness {unknown}
 q - a scroll of fog {unknown}
 r - a scroll of blinking
Potions
 c - a potion of might
 g - a potion of magic
 i - a potion of agility
 j - a potion of cancellation
 o - 2 potions of curing
 t - a potion of heal wounds
Comestibles
 d - 2 bread rations
 l - a meat ration
 m - a royal jelly
 s - a slice of pizza
 v - 6 chunks of flesh


   Skills:
 + Level 2.9 Fighting
 + Level 3.2 Dodging
 + Level 0.3 Stealth
 + Level 3.0 Shields
 + Level 2.5 Unarmed Combat


You had 3 spell levels left.
You didn't know any spells.

Dungeon Overview and Level Annotations

Branches:
Dungeon (3/15)

Altars:
Makhleb
Pakellas
Qazlal
Sif Muna
Trog
The Shining One

Annotations:
D:3 Grinder


Innate Abilities, Weirdness & Mutations

You are too large for most types of armour.
You have claws for hands.
Your metabolism is lightning-fast.
You like to eat raw meat.
You heal very quickly.
You are covered in fur (AC +1).
You have very tough skin (AC +2).


Message History

Grinder hits you but does no damage.
You claw Grinder!
Grinder is almost dead.
Grinder gestures at you. Pain shoots through your body!
You claw Grinder!
Grinder is almost dead.
Grinder barely misses you. Grinder gestures at you.
You suddenly lose the ability to move!
Grinder hits you.
You writhe in agony.
Grinder gestures at you.
You barely resist. Grinder hits you!
* * * LOW HITPOINT WARNING * * *
You writhe in agony.
* * * LOW HITPOINT WARNING * * *
Grinder gestures at you. Pain shoots through your body!
You die...

.. (#......... #..
.#...)..... ..###
#.###.......# ....
#####.##......... #..
................ #
#.####.####.........
#..##.()5(()))..........
#....5###(####.........
##.#..@...####........#
.. ####..>.....#.....##
. #......########.)#
#..#.#.## ....
....#..#.# .. ..###.....
#.. ..###.. .. ... #..
.... ..


You could see Grinder.

Vanquished Creatures
  Robin (D:3)
  2 dart slugs (D:1)
  3 worms
  2 giant geckos
  3 orcs (D:3)
  3 giant cockroaches
  14 goblins
  10 hobgoblins
  2 jackals (D:2)
  9 kobolds
  A quokka (D:2)
  7 bats
  5 giant newts
  3 rats
  A plant (D:2)
66 creatures vanquished.

Notes
Turn   | Place    | Note
--------------------------------------------------------------
     0 | D:1      | kosy22 the Troll Fighter began the quest for the Orb.
     0 | D:1      | Reached XP level 1. HP: 22/22 MP: 0/0
   189 | D:1      | Reached XP level 2. HP: 29/29 MP: 1/1
   571 | D:1      | Reached XP level 3. HP: 36/36 MP: 2/2
   939 | D:2      | Found a bloodstained altar of Trog.
   939 | D:2      | Found a burning altar of Makhleb.
   942 | D:2      | Found a deep blue altar of Sif Muna.
  1464 | D:2      | Found a glowing golden altar of the Shining One.
  1491 | D:2      | Found a stormy altar of Qazlal.
  1498 | D:2      | Found an oddly glowing altar of Pakellas.
  1889 | D:3      | Reached XP level 4. HP: 14/44 MP: 3/3
  1981 | D:3      | Noticed Robin
  2025 | D:3      | Killed Robin
  2050 | D:3      | Noticed Grinder
  2050 | D:3      | Paralysed by Grinder for 7 turns
  2107 | D:3      | Paralysed by Grinder for 6 turns
  2111 | D:3      | Killed from afar by Grinder

Skill      XL: |  1  2  3  4 |
---------------+-------------+-----
Dodging        | 3 |  3.2
Shields        | 3 |  3.0
Fighting       | |  2.9
Stealth        | |  0.3
Unarmed Combat | |  2.5

Action                   |  1- 3 |  4- 6 || total
-------------------------+-------+-------++-------
Melee: Unarmed           |   165 |    64 ||   229
  Use: Scroll            |     3 |     5 ||     8
  Eat: Chunk             |     9 |     2 ||    11
       Bread ration      |     2 |       ||     2
Armor: Robe              |    80 |    16 ||    96
Dodge: Dodged            |    62 |    20 ||    82
Block: Shield            |   125 |    35 ||   160
       Reflection        |       |     2 ||     2
